Map: Magma Mines

Players

Amps

  • Race: Protoss Protoss

Russel

  • Race: Zerg Zerg

Tenonee

  • Race: Zerg Zerg
  • League: Diamond

llllllllllll

  • Race: Terran Terran
  • League: Diamond

VOD

Have the link to the VOD?

Description

Time

  • Played on: July 26, 2016, 11:44 a.m.
  • Length: 4:21
Show
View Real Time Build Order
Export as new Build Order

Amps Protoss 

Build Orders:  

Get SALT Encoding   

  12  0:01  Probe (Chrono Boost)  
  13  0:11  Probe (Chrono Boost)  
  14  0:19  Pylon  
  14  0:22  Probe (Chrono Boost)  
  15  0:34  Assimilator  
  15  0:37  Probe (Chrono Boost)  
  16  0:46  Gateway  
  16  0:48  Probe (Chrono Boost)  
  17  0:58  Probe (Chrono Boost)  
  18  1:09  Probe (Chrono Boost)  
  19  1:14  Pylon  
  19  1:19  Probe (Chrono Boost)  
  20  1:30  Probe (Chrono Boost)  
  21  1:34  Cybernetics Core  
  21  1:36  Gateway  
  21  1:40  Probe (Chrono Boost)  
  22  1:48  Assimilator  
  22  1:51  Probe (Chrono Boost)  
  23  1:55  Pylon  
  23  2:02  Probe (Chrono Boost)  
  24  2:11  Adept  
  24  2:12  Warp Gate  
  24  2:14  Mothership Core (Chrono Boost)  
  28  2:27  Adept  
  30  2:38  Adept  
  32  3:05  Nexus  
  32  3:09  Pylon x2  
  29  3:53  Gateway  
  29  3:55  Gateway  
  27  3:56  Gateway  
  27  3:58  Gateway  
  27  3:59  Probe (Chrono Boost)  
  26  4:10  Probe (Chrono Boost)  
  27  4:20  Twilight Council  
Show
View Real Time Build Order
Export as new Build Order

Russel Zerg 

Build Orders: Hatch First 

Get SALT Encoding   

  12  0:00  Drone  
  13  0:10  Drone  
  14  0:18  Overlord  
  14  0:36  Drone x3  
  17  0:48  Drone  
  18  0:59  Hatchery  
  18  1:01  Extractor  
  18  1:03  Drone  
  18  1:11  Drone  
  18  1:21  Spawning Pool  
  18  1:23  Drone  
  18  1:30  Drone  
  19  1:41  Overlord  
  19  1:54  Drone  
  20  2:07  Metabolic Boost  
  20  2:08  Queen  
  20  2:10  Queen, Zergling x2  
  25  2:16  Zergling x2  
  26  2:24  Zergling x2  
  27  2:31  Zergling x4  
  27  2:33  Zergling x2  
  30  2:37  Zergling x2  
  31  2:47  Overlord  
  31  2:48  Zergling x2  
  32  3:02  Baneling Nest  
  32  3:04  Zergling x4  
  33  3:08  Zergling x2  
  33  3:09  Zergling x2  
  35  3:15  Overlord  
  35  3:17  Zergling x6  
  38  3:31  Overlord  
  38  3:32  Zergling x2  
  38  3:33  Zergling x6  
  41  3:55  Baneling x4  
  41  4:00  Zergling x2  
  41  4:01  Zergling x16  
Show
View Real Time Build Order
Export as new Build Order

Tenonee Zerg 

Build Orders: Hatch First 

Get SALT Encoding   

  12  0:01  Drone  
  13  0:13  Drone  
  14  0:17  Overlord  
  14  0:45  Drone  
  15  0:51  Hatchery, Drone  
  15  0:59  Drone x2  
  17  1:05  Extractor  
  16  1:17  Spawning Pool  
  15  1:19  Drone  
  15  1:25  Drone  
  17  1:32  Drone  
  18  1:39  Overlord  
  18  1:54  Drone  
  18  2:01  Drone  
  20  2:05  Metabolic Boost  
  20  2:07  Queen  
  22  2:12  Queen  
  24  2:19  Zergling x4  
  26  2:27  Overlord  
  26  2:39  Drone  
  26  2:40  Drone x3  
  30  2:48  Queen  
  32  3:00  Drone x4  
  36  3:16  Overlord  
  36  3:17  Overlord  
  34  3:34  Zergling x2  
  34  3:35  Zergling x12  
  34  3:36  Zergling x2  
  42  3:44  Roach Warren  
  42  3:46  Zergling x4  
  38  4:01  Zergling x8  
Show
View Real Time Build Order
Export as new Build Order

llllllllllll Terran 

Build Orders:  

Get SALT Encoding   

  12  0:01  SCV  
  13  0:15  Supply Depot  
  13  0:39  SCV  
  14  0:51  SCV  
  15  1:00  Barracks, Refinery  
  15  1:07  SCV  
  16  1:12  Refinery  
  16  1:19  SCV  
  17  1:31  SCV  
  18  1:47  Orbital Command  
  18  1:52  Barracks Reactor  
  18  2:05  Command Center  
  18  2:12  Factory  
  18  2:14  SCV  
  19  2:26  SCV  
  19  2:29  Supply Depot  
  20  2:31  Marine x2  
  22  2:38  SCV  
  23  2:51  Marine x2, SCV  
  26  3:01  Starport  
  26  3:04  Factory Tech Lab  
  26  3:08  SCV  
  26  3:09  Marine x2  
  29  3:19  Barracks  
  29  3:26  Marine x2  
  28  3:37  Cyclone  
  32  3:42  Orbital Command  
  32  3:44  Marine  
  32  3:45  SCV  
  32  3:57  SCV  
  33  4:02  Marine  
  33  4:03  Marine  
Tags
 
Add a new tag
Caveats
  • Supply blocks, unpowered buildings, or Contaminate may cause inaccurate times.
  • Supply counts are checked every 10 seconds.